Map: Ley Lines

Players

wootwoot - Winner!

  • Race: Terran Terran
  • League: Gold
  • Spawn Location: 7:00

OneBadZerg

  • Race: Zerg Zerg
  • League: Gold
  • Spawn Location: 1:00

VOD

Have the link to the VOD?

Description

Time

  • Played on: April 21, 2025, 12:18 p.m.
  • Length: 3:24
Show
View Real Time Build Order
Export as new Build Order

wootwoot Terran - Winner!

Build Orders:  

Get SALT Encoding   

  12  0:00  SCV  
  13  0:12  SCV  
  14  0:21  Supply Depot  
  14  0:24  SCV  
  15  0:43  SCV  
  15  0:46  Barracks  
  16  0:57  SCV  
  16  0:58  Barracks  
  17  1:11  Barracks  
  18  1:32  Marine  
  18  1:33  Barracks  
  18  1:37  Orbital Command  
  18  1:45  Marine  
  19  1:50  Marine  
  20  1:58  Marine  
  21  2:03  Marine, Barracks  
  21  2:08  Marine  
  23  2:16  Marine  
  23  2:20  Marine x2  
  26  2:32  Marine  
  26  2:34  Supply Depot, Marine  
  28  2:40  Marine x2  
  29  2:49  Marine  
  30  2:52  Marine  
  30  2:55  Marine  
  30  2:57  Marine  
  33  2:58  Marine  
Show
View Real Time Build Order
Export as new Build Order

OneBadZerg Zerg 

Build Orders: Hatch First 

Get SALT Encoding   

  12  0:00  Drone  
  13  0:12  Overlord  
  13  0:16  Drone  
  14  0:30  Drone  
  14  0:31  Drone  
  16  0:48  Hatchery  
  15  0:50  Drone  
  15  0:54  Drone  
  17  0:58  Drone  
  18  1:14  Spawning Pool  
  18  1:18  Drone, Extractor  
  18  1:21  Drone  
  18  1:52  Overlord  
  18  2:01  Zergling x6  
  19  2:02  Queen  
  23  2:13  Spine Crawler  
  23  2:14  Spine Crawler  
  21  2:21  Queen  
  21  2:36  Zergling x6  
  24  2:46  Spine Crawler, Zergling x2  
  24  2:47  Zergling x2  
  19  3:00  Spine Crawler  
  19  3:01  Zergling x4  
Tags
 
League
GoldGold
Matchup
TvZ
Replay Pack
#1B2M-Replays
Spawn Locations
Cross Positions
Add a new tag
Caveats
  • Supply blocks, unpowered buildings, or Contaminate may cause inaccurate times.
  • Supply counts are checked every 10 seconds.